 Dungeon Crawl Stone Soup version 0.28.0-1-gb440e238dd (webtiles) character file.

Game seed: 6150100370932358563

2 barney the Ruffian (level 1, 0/16 HPs)
             Began as a Draconian Transmuter on Feb 21, 2022.
             Slain by a jackal (3 damage)
             ... on level 1 of the Dungeon.
             The game lasted 00:00:20 (60 turns).

barney the Ruffian (Draconian Transmuter)             Turns: 60, Time: 00:00:21

Health: 0/16       AC:  4    Str: 12    XL:     1   Next: 33%
Magic:  2/3        EV: 12    Int: 13    God:
Gold:   7          SH:  0    Dex: 11    Spells: 3/4 levels left

rFire   . . .      SeeInvis .   a - +0 dagger
rCold   . . .      Faith    .   (no shield)
rNeg    . . .      Spirit   .   (armour unavailable)
rPois   .          Reflect  .   (helmet currently unavailable)
rElec   .          Harm     .   (no cloak)
rCorr   .          Rampage  .   (no gloves)
Will    .....                   (boots currently unavailable)
Stlth   +.........              (no amulet)
HPRegen 0.05/turn               (no ring)
MPRegen 0.08/turn               (no ring)

@: appendages (expiring)
A: horns 2, talons 2, AC +4, unfitting armour, cold-blooded
a: End Transformation


You were on level 1 of the Dungeon.
You had temporarily grown beastly horns and talons.
You visited 1 branch of the dungeon, and saw 1 of its levels.

You collected 7 gold pieces.

Inventory:

Hand Weapons
 a - a +0 dagger (weapon)


   Skills:
 - Level 1.1 Fighting
 - Level 1.7 Dodging
 - Level 3.0 Unarmed Combat
 - Level 2.0 Spellcasting
 + Level 2.2 Transmutations


You had 3 spell levels left.
You knew the following spells:

 Your Spells              Type           Power      Damage    Failure   Level
a - Beastly Appendage     Tmut           14%        N/A       10%         1

Your spell library contained the following spells:

 Spells                   Type           Power      Damage    Failure   Level
 Wereblood                Tmut           7%         N/A       16%         2
 Spider Form              Tmut/Pois      4%         N/A       43%         3
 Ice Form                 Ice/Tmut       4%         N/A       85%         4


Dungeon Overview and Level Annotations

Branches:
Dungeon (1/15)

Altars:


Innate Abilities, Weirdness & Mutations

You have temporarily grown beastly horns and talons.
Your plain brown scales are hard. (AC +4)
You cannot fit into any form of body armour.
You are cold-blooded and may be slowed by cold attacks.


Message History

The jackal barely misses you.
The jackal bites you but does no damage.
The jackal closely misses you.
A jackal comes into view.
The jackal bites you.
Casting: Beastly Appendage (safe; 11% risk of failure)
Confirm with . or Enter, or press ? or * to list all spells.
You extend your transformation's duration.
The jackal barks!
The jackal bites you but does no damage.
The jackal closely misses you.
You hit the jackal but do no damage. Your kick misses the jackal.
Your headbutt misses the jackal.
The jackal is heavily wounded.
Your transformation is almost over.
The jackal bites you. x2; The jackal misses you.
The jackal bites you.
You hit the jackal but do no damage.
The jackal is heavily wounded.
The jackal bites you. The jackal barely misses you.
The jackal closely misses you.
You are too injured to fight recklessly!
You are too injured to fight recklessly!
You are too injured to fight recklessly!
You are too injured to fight recklessly!
You hit the jackal.
The jackal is almost dead.
The jackal bites you but does no damage.
The jackal bites you. The jackal misses you. The jackal bites you.
* * * LOW HITPOINT WARNING * * *
You hit the jackal.
You kill the jackal!
The jackal bites you.
* * * LOW HITPOINT WARNING * * *
A jackal comes into view.
The jackal barely misses you.
The jackal barks!
The jackal bites you but does no damage.
The jackal bites you but does no damage.
The jackal bites you.
You die...

#..# #.## ##.#
#..#
###########.##
#...........#
#....##.#####
#.##.##.##########
#.........@hh.##
####.###...h...#
#.# #.####..# ..#
#.# ..# #### #.#
..# #.# #.# ... .#
..# ## ..#


You could see 3 jackals.

Vanquished Creatures
  A goblin (D:1)
  A jackal (D:1)
2 creatures vanquished.

Notes
Turn   | Place    | Note
-------+----------+-------------------------------------------
     0 | D:1      | barney the Draconian Transmuter began the quest for the
                  | Orb.
     0 | D:1      | Reached XP level 1. HP: 16/16 MP: 3/3
    60 | D:1      | Slain by a jackal

Illustrated notes

Levels and vault maps discovered:
D:1:      mrwooster_arrival_statue_3, layout_loops_cross,
          roderic_serpentine_path, minmay_stone_trees_small

Action                   || total
-------------------------++-------
Melee: Dagger            ||     8
       Unarmed           ||     2
       Tailslap          ||     2
       Headbutt          ||     1
 Cast: Beastly Appendage ||     3
Armor: Skin              ||     5
Dodge: Dodged            ||    11
